 Dungeon Crawl Stone Soup version 0.32-a0-768-g0f6f1dd4b9 (webtiles) character file.

Game seed: 4300230433945749085

86954 Berder the Earth Mage (level 15, -3/100 HPs)
             Began as an Octopode Fire Elementalist on Mar 18, 2024.
             Was a High Priest of Vehumet.
             Shot with an arrow by Nessos (21 damage)
             ... on level 14 of the Dungeon on Mar 19, 2024.
             The game lasted 01:39:10 (34689 turns).

Berder the Earth Mage (Octopode Fire Elementalist) Turns: 34689, Time: 01:39:10

Health: -3/100     AC:  1    Str:  9    XL:     15   Next: 89%
Magic:  22/40      EV: 12    Int: 30    God:    Vehumet [*****.]
Gold:   1651       SH:  0    Dex: 12    Spells: 7/39 levels left

rFire   + . .        e - staff of earth
rCold   . . .        (no shield)
rNeg    + . .        (helmet restricted)
rPois   .            o - amulet of magic regeneration
rElec   .            q - ring of positive energy
rCorr   .            k - ring of see invisible
SInv    +            R - ring of protection from fire
Will    +....        u - ring of wizardry
Stlth   +++          x - +6 ring of intelligence
HPRegen 0.36/turn    G - ring of magical power
MPRegen 0.67/turn    (no ring)
                     (no ring)

%: wizardry (x1)
@: no status effects
A: almost no armour, amphibious, 8 rings, camouflage 1, gelatinous body 1,
(nimble swimmer 1), tentacles
a: Renounce Religion


You were on level 14 of the Dungeon.
You worshipped Vehumet.
Vehumet was extremely pleased with you.
You visited 4 branches of the dungeon, and saw 22 of its levels.
You also visited: Sewer.

You collected 3047 gold pieces.
You spent 1396 gold pieces at shops.

Inventory:

Hand Weapons
 a - a +2 vampiric dagger
 f - a +0 short sword
 p - the +3 hand axe of Nemelex Xobeh, Hurling {flame, rPois MP+9 Str-2}
   (You found it on level 5 of the Lair of Beasts)

   Str-2:     It affects your strength (-2).
   rPois:     It protects you from poison.
   MP+9:      It affects your magic capacity (+9).
 w - a +2 short sword of speed
 E - a +2 halberd of venom
 P - a +3 spear of venom
 W - a +1 demon whip of venom
Missiles
 A - 55 poisoned darts
 O - 16 curare-tipped darts
Magical Staves
 e - a staff of earth (weapon)
Jewellery
 k - a ring of see invisible (right tentacle)
 o - an amulet of magic regeneration (around mantle)
 q - a ring of positive energy (left tentacle)
 u - a ring of wizardry (on tentacle)
 x - a +6 ring of intelligence (on tentacle)
 G - a ring of magical power (on tentacle)
 R - a ring of protection from fire (on tentacle)
 X - an amulet of the acrobat
 Y - a ring of wizardry
Wands
 g - a wand of polymorph (5)
 t - a wand of roots (30)
 J - a wand of flame (61)
 K - a wand of charming (24)
 L - a wand of digging (7)
 Q - a wand of mindburst (9)
Scrolls
 n - 4 scrolls of immolation
 r - 3 scrolls of poison
 v - a scroll of fog
 y - a scroll of summoning
 D - 10 scrolls of teleportation
 H - a scroll of identify
 M - a scroll of revelation
 N - 2 scrolls of enchant weapon {unknown}
 S - 4 scrolls of amnesia
 U - 3 scrolls of fear
 V - 4 scrolls of vulnerability
 Z - a scroll of enchant armour {unknown}
Potions
 b - 2 potions of degeneration
 c - 7 potions of curing
 d - a potion of magic
 h - 6 potions of mutation
 i - 7 potions of attraction {unknown}
 j - 3 potions of haste
 l - 3 potions of enlightenment
 m - a potion of berserk rage
 s - 4 potions of heal wounds {unknown}
 z - a potion of invisibility
 B - 2 potions of resistance
 C - 5 potions of brilliance
 F - a potion of ambrosia
 T - 3 potions of might
Miscellaneous
 I - a lightning rod (4/4)


   Skills:
 - Level 8.7 Fighting
 - Level 2.0 Dodging
 - Level 2.6 Stealth
 + Level 12.8 Spellcasting
 + Level 10.8 Conjurations
 - Level 6.0 Translocations
 - Level 8.5 Fire Magic
 + Level 17.1 Earth Magic
 - Level 5.0 Evocations


You had 7 spell levels left.
You knew the following spells:

 Your Spells              Type           Power      Damage    Failure   Level
a - Scorch                Fire           100%       2d9       1%          2
b - Foxfire               Conj/Fire      100%       2x1d9     1%          1
c - Flame Wave            Conj/Fire      67%        2d15      1%          4
d - Shock                 Conj/Air       100%       1d9       1%          1
e - Stone Arrow           Conj/Erth      100%       3d13      0%          3
f - Lee's Rapid Deconstr  Erth           55%        3d26*     1%          5
g - Mephitic Cloud        Conj/Alch/Air  40%        N/A       1%          3
h - Passage of Golubria   Tloc           53%        N/A       1%          4
i - Iskenderun's Mystic   Conj/Tloc      62%        2d13      1%          4
j - Fireball              Conj/Fire      33%        3d14      1%          5

Your spell library contained the following spells:

 Spells                   Type           Power      Damage    Failure   Level
 Irradiate                Conj/Alch      25%        3d20      1%          5
 Summon Small Mammal      Summ           76%        N/A       1%          1
 Static Discharge         Conj/Air       100%       3-8/arc   1%          2
 Inner Flame              Hex/Fire       45%        N/A       1%          3
 Volatile Blastmotes      Fire/Tloc      100%       2d18      1%          3
 Fulminant Prism          Conj/Alch      25%        3d14      1%          4
 Ignite Poison            Fire/Alch      45%        N/A       1%          4
 Sticky Flame             Fire/Alch      45%        2d9       1%          4
 Summon Blazeheart Golem  Fire/Summ      45%        N/A       1%          4
 Arcjolt                  Conj/Air       25%        1d35      1%          5
 Call Canine Familiar     Summ           19%        N/A       3%          3
 Summon Ice Beast         Ice/Summ       19%        N/A       3%          3
 Airstrike                Air            9%         2d(2-18)  3%          4
 Vhi's Electric Charge    Tloc/Air       74%        N/A       3%          4
 Plasma Beam              Fire/Air       22%        2x1d34    7%          6
 Summon Lightning Spire   Summ/Air       19%        N/A       11%         4
 Silence                  Hex/Air        9%         N/A       28%         5
 Summon Mana Viper        Hex/Summ       19%        N/A       28%         5
 Monstrous Menagerie      Summ           9%         N/A       100%        7
 Lehudib's Crystal Spear  Conj/Erth      50%        10d12     6%          8
 Ignition                 Fire           31%        3d10      41%         8
 Animate Armour           Summ/Erth      Unusable   N/A       N/A         4

Dungeon Overview and Level Annotations

Branches:
Dungeon (14/15)            Temple (1/1) D:4            Lair (5/5) D:9
  Swamp (0/4) Lair:3       Spider (0/4) Lair:3          Orc (2/2) D:11
    Elf (0/3) Orc:2        Vaults (0/5) D:14          Sewer (visited)
  Slime: Lair:4-5

Altars:
Ashenzari
Cheibriados
Dithmenos
Elyvilon
Fedhas
Gozag
Hepliaklqana
Kikubaaqudgha
Makhleb
Nemelex Xobeh
Okawaru
Qazlal
Ru
Sif Muna
Trog
Uskayaw
Vehumet
Wu Jian
Xom
Yredelemnul
Zin
The Shining One
Jiyva

Shops:
D:12 =   Orc:1 =   Orc:2 [*(?=

Portals:
Pandemonium: Orc:2

Annotations:
D:1 2 transporters
D:9 Harold
D:11 3 runed translucent doors, RandomusNamus's ghost, journeyman GnWn
D:14 Nessos; Rupert
Lair:1 1 exclusion
Lair:5 exclusion: oklob plant
Orc:1 1 runed translucent door, Geivij's ghost, journeyman TeDe


Innate Abilities, Weirdness & Mutations

You cannot wear most types of armour.
You are amphibious.
You can wear up to eight rings at the same time.
Your skin changes colour to match your surroundings (Stealth+).
Your rubbery body absorbs attacks. (AC +1, EV +1)
((You are camouflaged when in or above water. (Stealth+)))
You have tentacles for arms and can constrict up to eight enemies at once.


Message History

Fireballcentaur21.495; FireballNessos19.245 (shock=112.7861273038|112.7861273038@-1,4) (scorch=154.25796420768|77.128982103842@0,0) (foxfire=38.543438953681|38.543438953681@0,0) (stone arrow=537.81818181818|179.27272727273@-1,5) (lee's rapid deconstruction=889.01107601226|177.80221520245@1,3) (fireball=1224|244.8@-1,5)
The fireball explodes!
The fireball engulfs the centaur!!!
You kill the centaur!
Vehumet accepts your kill.
You feel your power returning.
The fireball engulfs Nessos!!
Nessos is moderately wounded.
You feel very sick.
Nessos casts a spell.
Nessos blinks!
Nessos shoots an arrow.
The arrow barely misses you.
FireballNessos19.245 x8 (shock=35.00273190251|35.00273190251@1,5) (foxfire=43.653386975161|43.653386975161@0,0) (fireball=196.33089030612|39.266178061224@1,4) (stone arrow=157.77072704082|52.590242346939@1,5)
You feel a surge of power!
The stone arrow hits Nessos.
Nessos is heavily wounded.
You feel very sick.
Nessos shoots an arrow.
The arrow hits you! The arrow burns you.
Nessos shoots an arrow.
The arrow hits you! The arrow burns you.
Casting: Stone Arrow (safe; 0% risk of failure)
Confirm with . or Enter, or press ? or * to list all spells.
Aiming: Mephitic Cloud (safe; 1% risk of failure)
Press: ? - help, Shift-Dir - straight line, p - Nessos The ball explodes into a vile cloud!
The stinking cloud engulfs Nessos.
Nessos is heavily wounded.
You feel very sick.
Nessos shoots an arrow.
The arrow hits you!!
* * * LOW HITPOINT WARNING * * *
The arrow burns you.
You are lethally poisoned!
* * * LOW HITPOINT WARNING * * *
You feel better.
Nessos shoots an arrow.
The arrow barely misses you.
Nessos shoots an arrow.
The arrow hits you!!
You die...

.....######
..........###
..#.#.#.#...#
#.........#.#
#.#.#.#.#...#
..........#.#
#.#.#.#.#...######
.................#
..#.#.#.#.######@#
..†...........##.#
###..########.##)#
.....#........##§#
##.#.#.#########§c
#.#...# #).
#.######## #..
##........# #...
...######.#


You could see Nessos (fast).

Vanquished Creatures
  An ironbound preserver (D:14)
  Josephine (Orc:2)
  Erolcha (Orc:2)
  11 hydras
  2 centaur warriors (D:14)
  A ghost crab (Lair:3)
  A demonspawn (Orc:2)
  2 catoblepae (Lair:3)
  2 two-headed ogres
  4 boulder beetles
  2 tengu warriors (D:13)
  Urug (D:11)
  6 death yaks (Lair:5)
  Sonja (Lair:1)
  7 orc high priests (Orc:2)
  Amaemon (D:9)
  A skyshark (Lair:5)
  An arcanist (D:14)
  Pikel (D:7)
  4 deep elf pyromancers
  2 ugly things (D:11)
  6 orc knights (Orc:2)
  3 cyclopes
  6 orc sorcerers
  2 manticores
  A meliai (Lair:3)
  4 elephants (Lair:5)
  2 kobold blastminers
  A rust devil (Orc:2)
  2 orange demons
  A black mamba (Lair:2)
  A smoke demon (Orc:2)
  A torpor snail (Lair:3)
  2 gargoyles (D:13)
  2 unseen horrors
  Maggie (D:7)
  17 cane toads
  Jeremiah (D:7)
  3 rime drakes
  5 komodo dragons
  3 kobold demonologists (D:12)
  A red devil (Orc:2)
  7 polar bears
  Grinder (D:3)
  5 trolls
  2 tyrant leeches (Lair:5)
  A hornet (Lair:4)
  A hornet (shapeshifter) (D:13)
  13 blink frogs
  14 dream sheep
  13 slime creatures
  A centaur simulacrum (D:12)
  7 wraiths
  Sigmund (D:6)
  2 shadows
  A spriggan (shapeshifter) (D:14)
  A spriggan (Lair:4)
  4 wyverns
  48 yaks
  5 basilisks
  4 wargs
  2 steam dragons (D:7)
  13 vampire mosquitoes
  Duvessa (D:4)
  13 water moccasins
  A black bear (D:6)
  4 ice beasts
  2 sky beasts
  30 orc warriors
  18 wolves
  2 spectral rime drakes (Lair:3)
  6 centaurs
  7 ogres
  2 phantoms
  6 kobold brigands
  3 gnoll sergeants
  2 brain worms (Sewer)
  16 bullfrogs
  2 scorpions
  10 wights (D:6)
  Dowan (D:4)
  11 killer bees
  2 electric eels (Lair:5)
  3 howler monkeys (D:9)
  3 lava snakes (D:12)
  2 jellies
  A crimson imp (D:7)
  A bombardier beetle (D:7)
  2 gnoll boudas (D:7)
  36 orc priests
  4 iguanas
  26 orc wizards
  15 adders
  25 gnolls
  2 river rats
  A shadow imp (D:5)
  2 white imps
  2 ufetubi (D:7)
  A dart slug (D:4)
  3 ribbon worms
  86 orcs
  9 bats
  7 endoplasms
  4 giant cockroaches
  16 goblins
  11 hobgoblins
  8 jackals
  7 quokkas
  12 ball pythons
  A frilled lizard (Sewer)
  29 kobolds
  7 rats
729 creatures vanquished.

Vanquished Creatures (collateral kills)
  18 foxfires
18 creatures vanquished.

Vanquished Creatures (others)
  1318 foxfires
1318 creatures vanquished.

Grand Total: 2065 creatures vanquished

Notes
Turn   | Place    | Note
-------+----------+-------------------------------------------
     0 | D:1      | Berder the Octopode Fire Elementalist began the quest for
                  | the Orb.
     0 | D:1      | Reached XP level 1. HP: 11/11 MP: 3/3
   211 | D:1      | Reached XP level 2. HP: 15/17 MP: 3/5
   230 | D:1      | Learned a level 2 spell: Scorch
   720 | D:1      | Reached XP level 3. HP: 21/21 MP: 1/6
  1339 | D:2      | Reached XP level 4. HP: 27/27 MP: 0/7
  1885 | D:2      | Found a faded altar of an unknown god.
  2091 | D:2      | Found a sacrificial altar of Ru.
  2668 | D:3      | Noticed Grinder
  2764 | D:3      | Killed Grinder
  2765 | D:3      | Reached XP level 5. HP: 31/31 MP: 0/8
  2765 | D:3      | Reached XP level 6. HP: 36/36 MP: 0/9
  3663 | D:3      | Reached skill level 5 in Conjurations
  3663 | D:3      | Reached skill level 5 in Fire Magic
  3700 | D:3      | Learned a level 4 spell: Flame Wave
  3915 | D:4      | Noticed Duvessa
  3919 | D:4      | Noticed Dowan
  3999 | D:4      | Found a glowing drain.
  4024 | D:4      | Reached XP level 7. HP: 41/41 MP: 1/10
  4124 | Sewer    | Entered a sewer
  5152 | D:4      | Found a staircase to the Ecumenical Temple.
  5215 | D:4      | Killed Duvessa
  5216 | D:4      | Reached XP level 8. HP: 46/46 MP: 2/13
  5302 | D:4      | Killed Dowan
  5371 | Temple   | Entered the Ecumenical Temple
  5396 | Temple   | Became a worshipper of Vehumet
  6270 | D:4      | Found an ancient bone altar of Kikubaaqudgha.
  6494 | D:5      | Entered Level 5 of the Dungeon
  6579 | D:5      | Identified a scroll of acquirement
  6581 | D:5      | Acquired 1211 gold pieces
  6626 | D:5      | Reached * piety under Vehumet
  6626 | D:5      | Offered knowledge of Sting by Vehumet.
  7189 | D:6      | Noticed Sigmund
  7219 | D:6      | Noticed a wraith
  7601 | D:6      | Reached skill level 5 in Spellcasting
  7699 | D:6      | Reached XP level 9. HP: 24/51 MP: 4/16
  8043 | D:6      | Found a hide-covered altar of Uskayaw.
  8355 | D:6      | Found a burning altar of Makhleb.
  8964 | D:7      | Reached ** piety under Vehumet
  8969 | D:7      | Offered knowledge of Shock by Vehumet.
  8974 | D:7      | Learned a level 1 spell: Shock
  9092 | D:7      | Noticed Pikel
  9329 | D:7      | Noticed Jeremiah
  9414 | D:7      | Noticed Maggie
  9472 | D:8      | Reached skill level 1 in Fighting
  9616 | D:8      | Reached XP level 10. HP: 61/61 MP: 13/19
  9830 | D:8      | Offered knowledge of Stone Arrow by Vehumet.
  9852 | D:8      | Learned a level 3 spell: Stone Arrow
 10256 | D:8      | Reached skill level 1 in Earth Magic
 10358 | D:9      | Noticed Harold
 10442 | D:9      | Reached skill level 5 in Fighting
 10442 | D:9      | Reached skill level 2 in Earth Magic
 10702 | D:9      | Reached *** piety under Vehumet
 10757 | D:9      | Reached skill level 3 in Earth Magic
 10887 | D:9      | Reached skill level 4 in Earth Magic
 10983 | D:9      | Noticed an orange demon
 11426 | D:9      | Noticed Amaemon
 11530 | D:7      | Offered knowledge of Hailstorm by Vehumet.
 11759 | D:7      | Killed Jeremiah
 11760 | D:7      | Reached skill level 5 in Earth Magic
 11925 | D:7      | Killed Pikel
 11926 | D:7      | Reached XP level 11. HP: 70/77 MP: 1/20
 12085 | D:6      | Killed Sigmund
 12308 | D:6      | Found a sacrificial altar of Ru.
 12608 | D:7      | You fall into a shaft and drop 1 floor!
 12944 | D:7      | Learned a level 5 spell: Lee's Rapid Deconstruction
 13029 | D:7      | Killed Maggie
 13513 | D:9      | Found a staircase to the Lair.
 13522 | Lair:1   | Entered Level 1 of the Lair of Beasts
 13535 | Lair:1   | Reached **** piety under Vehumet
 13536 | Lair:1   | Reached skill level 6 in Earth Magic
 13821 | Lair:1   | Reached skill level 7 in Earth Magic
 13993 | Lair:1   | Offered knowledge of Mephitic Cloud by Vehumet.
 14043 | D:8      | Learned a level 3 spell: Mephitic Cloud
 14250 | Lair:1   | Noticed Sonja
 14423 | Lair:1   | Killed Sonja
 14424 | Lair:1   | Reached skill level 8 in Earth Magic
 14643 | Lair:1   | Reached skill level 9 in Earth Magic
 15251 | Lair:2   | Noticed a boulder beetle
 15270 | Lair:2   | Killed a boulder beetle
 15874 | Lair:2   | Noticed a five-headed hydra
 15878 | Lair:2   | Killed a five-headed hydra
 15879 | Lair:2   | Reached skill level 10 in Earth Magic
 15879 | Lair:2   | Reached XP level 12. HP: 84/84 MP: 6/21
 16061 | Lair:2   | You fall into a shaft and drop 2 floors!
 16113 | Lair:4   | Noticed an eight-headed hydra
 16143 | Lair:3   | Noticed an eight-headed hydra
 16735 | Lair:3   | Reached skill level 11 in Earth Magic
 17128 | Lair:3   | Reached skill level 1 in Evocations
 17326 | Lair:3   | Reached ***** piety under Vehumet
 17601 | Lair:3   | Noticed a catoblepas
 17677 | Lair:3   | Killed a catoblepas
 17677 | Lair:3   | Offered knowledge of Yara's Violent Unravelling by Vehumet.
 18168 | Lair:2   | Learned a level 4 spell: Passage of Golubria
 18202 | Lair:3   | Killed an eight-headed hydra
 18203 | Lair:3   | Reached skill level 1 in Translocations
 18408 | Lair:3   | Noticed a catoblepas
 18484 | Lair:3   | Killed a catoblepas
 18725 | Lair:3   | Found a hole to the Spider Nest.
 19010 | Lair:3   | Found a staircase to the Swamp.
 19010 | Lair:3   | Noticed a ghost crab
 19017 | Lair:3   | Killed a ghost crab
 19405 | Lair:4   | Reached skill level 5 in Evocations
 19426 | Lair:4   | Reached XP level 13. HP: 70/89 MP: 8/23
 19676 | Lair:4   | Reached skill level 5 in Translocations
 20611 | Lair:5   | Entered Level 5 of the Lair of Beasts
 20874 | Lair:3   | Learned a level 4 spell: Iskenderun's Mystic Blast
 22009 | Lair:5   | Reached skill level 10 in Spellcasting
 22307 | Lair:4   | HP: 1/89 [blink frog (12)]
 23460 | Lair:5   | Reached XP level 14. HP: 95/95 MP: 1/29
 24035 | Lair:5   | Reached skill level 12 in Earth Magic
 24291 | Lair:5   | Identified the +3 hand axe of Nemelex Xobeh, Hurling
                  | {flame, rPois MP+9 Str-2}
 24469 | Lair:5   | Found a viscous altar of Jiyva.
 25003 | D:9      | Killed Amaemon
 25360 | D:10     | Entered Level 10 of the Dungeon
 25564 | D:10     | Reached skill level 13 in Earth Magic
 25658 | D:10     | Found a shadowy altar of Dithmenos.
 26719 | D:11     | Found a staircase to the Orcish Mines.
 27019 | D:11     | Offered knowledge of Spellforged Servitor by Vehumet.
 27371 | D:11     | Noticed Urug
 27375 | D:11     | Killed Urug
 27534 | D:11     | Found a runed translucent gate.
 27534 | D:11     | Found a runed translucent gate.
 27534 | D:11     | Found a runed translucent gate.
 27537 | D:11     | Noticed RandomusNamus's ghost (journeyman GnWn)
 27597 | D:12     | Found Varay's Jewellery Shop.
 27755 | Orc:1    | Entered Level 1 of the Orcish Mines
 27755 | Orc:1    | Found Uxoxubbuasi's Jewellery Emporium.
 27997 | Orc:2    | Entered Level 2 of the Orcish Mines
 28026 | Orc:2    | Reached skill level 14 in Earth Magic
 28643 | Orc:2    | Noticed Erolcha
 28645 | Orc:2    | Killed Erolcha
 29009 | Orc:1    | Found a runed translucent door.
 29009 | Orc:1    | Noticed Geivij's ghost (journeyman TeDe)
 29677 | Orc:2    | Offered knowledge of Fireball by Vehumet.
 29702 | Orc:2    | Learned a level 5 spell: Fireball
 29756 | Orc:2    | Noticed Josephine
 29760 | Orc:2    | Killed Josephine
 29997 | Orc:2    | Found a staircase to the Elven Halls.
 30161 | Orc:2    | Reached skill level 15 in Earth Magic
 30481 | Orc:2    | Found Onev's General Store.
 30509 | Orc:2    | Found Fawuzair's Magic Scroll Boutique.
 31199 | Orc:2    | Reached XP level 15. HP: 100/100 MP: 24/31
 31459 | Orc:2    | Reached skill level 16 in Earth Magic
 31732 | Orc:2    | Found Piyzxala's Jewellery Emporium.
 31732 | Orc:2    | Found Mul Becs's Antique Weapon Shoppe.
 31733 | Orc:2    | Found a one-way gate leading to the halls of Pandemonium.
 31735 | Orc:2    | Bought an amulet of magic regeneration for 450 gold pieces
 31820 | Orc:2    | Found Ruamukk's Armour Shoppe.
 31907 | Orc:1    | Bought a ring of wizardry for 330 gold pieces
 31907 | Orc:1    | Bought a +6 ring of intelligence for 396 gold pieces
 31907 | Orc:1    | Bought a ring of magical power for 220 gold pieces
 32310 | D:12     | Offered knowledge of Eringya's Noxious Bog by Vehumet.
 33140 | D:12     | Reached skill level 10 in Conjurations
 34270 | D:14     | Found a gate to the Vaults.
 34294 | D:14     | Reached skill level 17 in Earth Magic
 34434 | D:14     | Noticed Rupert
 34545 | D:14     | Offered knowledge of Irradiate by Vehumet.
 34684 | D:14     | Noticed Nessos
 34689 | D:14     | Shot with an arrow by Nessos

Illustrated notes

Levels and vault maps discovered:
D:1:      spicycebolla_arrival_transporter_tutorial, layout_basic
D:2:      layout_basic, dreamdust_ecumenical_altar_angels_and_demons,
          basic_altar, hex_intersection
D:3:      layout_loops_corners, minmay_ogre_servants, uniq_grinder
D:4:      layout_loops_ring, kiku_gazebo_garden_becter,
          minmay_temple_entry_waves, cheibrodos_sewer_entry_sluice, uniq_duvessa
D:5:      layout_cave_pools
D:6:      layout_loops_cross, mainiacjoe_overflow_large_starburst,
          nicolae_ru_path_of_blood, nrook_campfire, uniq_sigmund
D:7:      layout_loops_ring, minmay_fire_ice_demons, uniq_pikel, uniq_jeremiah,
          uniq_maggie
D:8:      layout_rooms
D:9:      layout_irregular_city, erik_lair_orcish_takeover,
          minmay_misc_feat_secret_circle, uniq_amaemon, uniq_harold
D:10:     layout_cave_pods, mainiacjoe_overflow_brackets
D:11:     layout_roguey, david_orc_1_choice, ebering_ghost_rock_garden,
          minmay_variable_closet, uniq_urug
D:12:     layout_big_octagon, portal_ice_cave_entry_animals_and_master,
          serial_ice, serial_ice_d, serial_ice_e, serial_ice_n, serial_ice_b,
          serial_shops, nicolae_shop_statue_plus
D:13:     layout_loops_corners
D:14:     layout_basic, skrybe_vaults_entry_preservation, serial_glass,
          glass_columns_b, glass_columns_c, glass_columns_c, glass_columns_b,
          glass_columns_a, glass_columns_b, kennysheep_nondescript, uniq_rupert,
          uniq_nessos
Temple:   minmay_crystal_spiral_temple
Lair:1:   dragon1_lemuel, layout_regular_city, uniq_sonja
Lair:2:   layout_layer_cave, grunt_forest_small_clearings,
          cheibrodos_lair_reptile_den
Lair:3:   layout_long_grid, nicolae_swamp_entry_spooky,
          hellmonk_spider_entry_not_the_bees, hangedman_lair_generics_rect,
          infiniplex_staircase_pool
Lair:4:   layout_cave_pods, chequers_serial_rivers_small_b,
          grunt_forest_large_clearings
Lair:5:   minmay_lair_end_frog_pond, layout_layer_cave,
          minmay_slime_entry_oklob_enclosed, patterned_corridor
Orc:1:    layout_diamond_mine, serial_shops, shop,
          hellmonk_ghost_happy_afterlife
Orc:2:    pf_orc_diabolical, layout_diamond_mine, serial_shops,
          nicolae_shop_back_alley_shop, uniq_josephine, uniq_erolcha

Skill      XL: |  1  2  3  4  5  6  7  8  9 10 11 12 13 14 15 |
---------------+----------------------------------------------+-----
Conjurations   | 2 3 4 5 6 7 8 9 10 | 10.8
Fire Magic     | 4 5 6 7 8 |  8.5
Spellcasting   | 3 5 6 7 11 12 | 12.8
Fighting       | 2 8 |  8.7
Earth Magic    | 5 10 11 15 17 | 17.1
Evocations     | 5 |  5.0
Translocations | 4 6 |  6.0
Dodging        | |  2.0
Stealth        | |  2.6

Action                     |  1- 3 |  4- 6 |  7- 9 | 10-12 | 13-15 || total
---------------------------+-------+-------+-------+-------+-------++-------
  Melee: Short sword       |     3 |       |     8 |     3 |       ||    14
         Constrict         |     2 |     2 |     2 |     5 |     3 ||    14
         Unarmed           |     2 |       |       |       |       ||     2
         Tentacles         |     1 |     2 |     3 |     4 |     2 ||    12
         Dagger            |     3 |    17 |     2 |       |       ||    22
         Halberd           |       |       |       |     1 |       ||     1
         Spear             |       |       |       |    19 |       ||    19
         Staff             |       |       |       |       |     5 ||     5
         Hand axe          |       |       |       |       |     4 ||     4
   Cast: Foxfire           |    74 |    96 |   240 |   184 |   192 ||   786
         Scorch            |     1 |     3 |    28 |    12 |    22 ||    66
         Flame Wave        |       |       |    15 |    28 |    19 ||    62
         Shock             |       |       |    10 |    99 |    44 ||   153
         Stone Arrow       |       |       |       |    80 |   218 ||   298
         Lee's Rapid Decon |       |       |       |    36 |   198 ||   234
         Mephitic Cloud    |       |       |       |     3 |    10 ||    13
         Iskenderun's Myst |       |       |       |       |    26 ||    26
         Passage of Golubr |       |       |       |       |     1 ||     1
         Fireball          |       |       |       |       |    52 ||    52
  Evoke: Wand              |       |       |       |     4 |     2 ||     6
    Use: Scroll            |       |     4 |     6 |    10 |     6 ||    26
         Potion            |       |     2 |     2 |     5 |     2 ||    11
   Stab: Sleeping          |     1 |     1 |       |       |       ||     2
         Confused          |       |       |       |     2 |       ||     2
 Armour: Skin              |     6 |    13 |    45 |    85 |   126 ||   275
  Dodge: Dodged            |     8 |    15 |    35 |    81 |   105 ||   244

Table legend: (Time is in decaauts)
 A = Elapsed time spent in this place.
 B = Non-inter-level travel time spent in this place.
 C = Inter-level travel time spent in this place.
 D = Time resting spent in this place.
 E = Time spent auto-exploring this place.
 F = Levels seen in this place.
 G = Mean time per level.
                   A        B        C        D        E       F      G
               +--------+--------+--------+--------+--------+-----+--------+
         Total |  34707 |  33240 |   1467 |  12632 |  13411 |  23 | 1509.0 |
       Dungeon |  18705 |  17842 |    863 |   5726 |   7900 |  14 | 1336.1 |
        Temple |     50 |      2 |     48 |      0 |      0 |   1 |   50.0 |
          Lair |  10925 |  10477 |    448 |   4692 |   3879 |   5 | 2185.0 |
  Orcish Mines |   4174 |   4066 |    108 |   1950 |   1310 |   2 | 2087.0 |
         Sewer |    850 |    850 |      0 |    264 |    322 |   1 |  850.0 |
               +--------+--------+--------+--------+--------+-----+--------+

Top non-repeatable levels by time:
   Orc:2: 3444 daAuts
  Lair:3: 2858 daAuts
  Lair:5: 2780 daAuts
  Lair:4: 2615 daAuts
    D:11: 1970 daAuts
     D:7: 1771 daAuts
     D:9: 1676 daAuts
     D:8: 1638 daAuts
     D:6: 1635 daAuts
     D:3: 1507 daAuts
     D:4: 1507 daAuts
  Lair:2: 1503 daAuts
     D:2: 1327 daAuts
     D:1: 1247 daAuts
     D:5: 1236 daAuts
